 Dungeon Crawl Stone Soup version 0.29.1-15-g9cfb28693d (webtiles) character file.

Game seed: 3923582083703611312

2006 KobraLily the Covert (level 9, -6/73 (76) HPs)
             Began as a Naga Brigand on Apr 19, 2023.
             Was an Elder of Okawaru.
             Mangled by Edmund
             ... wielding a +4 vorpal dire flail
              (14 damage)
             ... on level 6 of the Dungeon.
             The game lasted 00:29:57 (6384 turns).

KobraLily the Covert (Naga Brigand)                 Turns: 6384, Time: 00:29:58

HP:   -6/73 (76)    AC:  7    Str: 15    XL:     9   Next: 22%
MP:   3/14          EV: 10    Int: 14    God:    Okawaru [****..]
Gold: 320           SH:  5    Dex: 13    Spells: 5/15 levels left

rFire   . . .      SeeInvis +   m - +1 halberd (protect)
rCold   . . .      Faith    .   (shield currently unavailable)
rNeg    . . .      Spirit   .   b - +0 robe
rPois   +          Reflect  +   (no helmet)
rElec   .          Harm     .   c - +0 cloak
rCorr   .          Rampage  .   o - +1 Delatra's gloves {ID++}
Will    +....                   (no barding)
Stlth   ++++......              p - amulet of reflection
HPRegen 0.22/turn               (no ring)
MPRegen 0.14/turn               (no ring)

@: lightly drained, very slow
A: AC +3, large, see invisible, deformed body, poison resistance, slowness 2,
spit poison 1, naga tail 1
a: Spit Poison, Renounce Religion, Heroism, Finesse


You were on level 6 of the Dungeon.
You worshipped Okawaru.
Okawaru was greatly pleased with you.
You visited 1 branch of the dungeon, and saw 6 of its levels.

You collected 320 gold pieces.

Inventory:

Hand Weapons
 a - a +2 dagger of chaos
 m - a +1 halberd of protection (weapon)
Missiles
 e - a curare-tipped dart (quivered)
 s - 9 poisoned darts
 t - a throwing net
Armour
 b - a +0 robe (worn)
 c - a +0 cloak (worn)
 o - the +1 Delatra's gloves (worn) {ID++}
   (You found it on level 4 of the Dungeon)

   It heals its wearer when they drink unknown potions.
   It restores its wearer's MP when they read unknown scrolls.
Jewellery
 p - an amulet of reflection (around neck)
Wands
 u - a wand of digging (6)
Scrolls
 d - a scroll of silence {unknown}
 g - 3 scrolls of butterflies
 h - a scroll of noise
 n - a scroll of poison
Potions
 f - 2 potions of lignification {unknown}
 i - a potion of berserk rage {unknown}
 j - a potion of attraction {unknown}
 k - a potion of flight
 l - a potion of degeneration {unknown}
 q - a potion of resistance {unknown}
 r - a potion of magic {unknown}


   Skills:
 * Level 3.3 Fighting
 * Level 3.4 Short Blades
 * Level 4.2 Polearms
 * Level 3.6 Throwing
 * Level 1.8 Armour
 * Level 2.4 Dodging
 * Level 8.7 Stealth
 + Level 1.1 Shields
 * Level 3.5 Spellcasting
 * Level 2.2 Conjurations
 * Level 1.6 Air Magic
 * Level 3.1 Earth Magic
 * Level 1.8 Poison Magic
 * Level 2.7 Invocations
 * Level 1.6 Evocations


You had 5 spell levels left.
You knew the following spells:

 Your Spells              Type           Power      Damage    Failure   Level
a - Sandblast             Erth           22%        2d7       6%          1
b - Stone Arrow           Conj/Erth      18%        3d8       21%         3
c - Olgreb's Toxic Radia  Pois           7%         N/A       67%         4
d - Poisonous Vapours     Pois/Air       14%        N/A       16%         2

Your spell library contained the following spells:

 Spells                   Type           Power      Damage    Failure   Level
 Sting                    Tmut/Pois      20%        1d4       14%         1
 Passwall                 Tmut/Erth      5%         N/A       16%         2
 Apportation              Tloc           4%         N/A       21%         1
 Airstrike                Air            3%         2d(1-17)  71%         4
 Lightning Bolt           Conj/Air       3%         1d15      95%         5
 Alistair's Intoxication  Tmut/Pois      3%         N/A       98%         5
 Summon Lightning Spire   Summ/Air       Unusable   N/A       N/A         4

Dungeon Overview and Level Annotations

Branches:
Dungeon (6/15)             Temple (0/1) D:5

Altars:
Kikubaaqudgha
Okawaru

Annotations:
D:6 Edmund


Innate Abilities, Weirdness & Mutations

Your serpentine skin is tough. (AC +3)
You have supernaturally acute eyesight. (SInv)
Armour fits poorly on your strangely shaped body.
Your system is resistant to poisons. (rPois)
You cover ground very slowly.
You can spit poison.
You have a snake-like lower body.


Message History

The phantom hits you.
The phantom blinks!
You blink.
Unknown command.
The phantom hits you but does no damage.
The phantom hits you but does no damage.
The phantom hits you.
The phantom blinks!
You blink.
You closely miss the phantom.
The phantom is lightly damaged.
You block the wight's attack. The phantom misses you.
You closely miss the phantom.
The phantom is lightly damaged.
The wight misses you.
The phantom hits you but does no damage.
The phantom closely misses you.
The phantom hits you but does no damage.
Edmund hits you with a +4 vorpal dire flail!
The wight hits you with a +0 short sword.
Edmund attacks as you move away!
Edmund hits you with a +4 vorpal dire flail.
The wight attacks as you move away! The wight barely misses you.
Edmund hits you with a +4 vorpal dire flail!
The phantom closely misses you. You block the phantom's attack.
Edmund hits you with a +4 vorpal dire flail!
You block the wight's attack. You block the phantom's attack.
The wight hits you with a +1 falchion. The phantom attacks as you move away!
The phantom hits you but does no damage.
The wight attacks as you move away!
The wight hits you with a +0 short sword.
Edmund attacks as you move away!
Edmund hits you with a +4 vorpal dire flail!
* * * LOW HITPOINT WARNING * * *
x2 The wight hits you with a +1 falchion.
* * * LOW HITPOINT WARNING * * *
The wight hits you with a +0 short sword.
* * * LOW HITPOINT WARNING * * *
You feel drained.
* * * LOW HITPOINT WARNING * * *
The wight barely misses you.
Edmund hits you with a +4 vorpal dire flail!
You die...

.........###.....##...........
..#...................#.......
.........................##..
#.#..............#####...## .#
#.#.#..........#.#####....##.#
#...................##.).....>
.............Wz####......###..
....#...####z@z######.........
#............@...####...###...
...###...<..............## ..
## #...................##.#.
#..#...♣...#...........#
#.....♣.♣..).........###
#....♣.♣.♣...........#
#...♣.♣.♣.♣............. ..♣
♣._.♣.♣.......##...
♣.♣.♣.♣........# ....


You could see Edmund, a phantom and 3 wights.

Vanquished Creatures
  Maggie (D:6)
  A steam dragon (D:6)
  Menkaure (D:6)
  An orc warrior (D:4)
  An ice beast (D:4)
  An ogre (D:4)
  2 phantoms (D:5)
  A scorpion (D:6)
  A gnoll sergeant (D:5)
  A gnoll bouda (D:4)
  2 hounds
  3 orc priests (D:5)
  2 jellies
  Terence (D:2)
  4 orc wizards
  Natasha (D:2)
  5 iguanas
  15 gnolls
  11 adders
  2 white imps
  An ufetubus (D:3)
  4 worms
  2 dart slugs
  30 orcs
  7 ball pythons
  7 endoplasms
  3 giant cockroaches
  10 goblins
  15 hobgoblins
  3 jackals (D:2)
  5 kobolds
  3 quokkas
  9 bats
  2 frilled lizards (D:2)
  4 rats
  A butterfly (D:5)
163 creatures vanquished.

Vanquished Creatures (others)
  A human (D:4)
1 creature vanquished.

Grand Total: 164 creatures vanquished

Notes
Turn   | Place    | Note
-------+----------+-------------------------------------------
     0 | D:1      | KobraLily the Naga Brigand began the quest for the Orb.
     0 | D:1      | Reached XP level 1. HP: 19/19 MP: 1/1
   120 | D:1      | Reached skill level 6 in Stealth
   213 | D:1      | Reached XP level 2. HP: 24/26 MP: 2/2
   248 | D:1      | Learned a level 1 spell: Sandblast
   265 | D:1      | Reached skill level 1 in Dodging
   670 | D:2      | Reached XP level 3. HP: 23/32 MP: 0/3
   867 | D:2      | Reached skill level 7 in Stealth
  1156 | D:2      | Found a faded altar of an unknown god.
  1433 | D:2      | Prayed at the altar of an unknown god.
  1433 | D:2      | Became a worshipper of Warmaster Okawaru
  1433 | D:2      | Reached * piety under Okawaru
  1440 | D:2      | Reached XP level 4. HP: 39/39 MP: 5/5
  1455 | D:2      | Noticed Terence
  1458 | D:2      | Killed Terence
  1470 | D:2      | Learned a level 3 spell: Stone Arrow
  1567 | D:2      | Reached skill level 1 in Earth Magic
  1840 | D:2      | Reached skill level 1 in Spellcasting
  2306 | D:2      | Noticed Natasha
  2314 | D:2      | Killed Natasha
  2315 | D:2      | Reached XP level 5. HP: 26/45 MP: 4/6
  2888 | D:3      | Reached XP level 6. HP: 52/52 MP: 8/8
  3161 | D:4      | Reached ** piety under Okawaru
  3162 | D:4      | Reached skill level 1 in Armour
  3560 | D:4      | Reached skill level 1 in Invocations
  3567 | D:4      | Noticed an orc warrior
  3596 | D:4      | Killed an orc warrior
  3597 | D:4      | Reached skill level 1 in Conjurations
  3597 | D:4      | Reached XP level 7. HP: 27/61 MP: 6/10
  3865 | D:4      | Reached skill level 1 in Polearms
  4443 | D:4      | Found an ancient bone altar of Kikubaaqudgha.
  4444 | D:4      | Noticed a human
  4446 | D:4      | Killed a human
  4561 | D:4      | Found the +1 Delatra's gloves {ID++}
  4781 | D:5      | Entered Level 5 of the Dungeon
  4792 | D:5      | Reached XP level 8. HP: 44/69 MP: 2/12
  4809 | D:5      | Reached skill level 8 in Stealth
  5391 | D:5      | Learned a level 4 spell: Olgreb's Toxic Radiance
  5394 | D:5      | Learned a level 2 spell: Poisonous Vapours
  5585 | D:5      | Reached *** piety under Okawaru
  5836 | D:5      | Reached skill level 1 in Air Magic
  6017 | D:5      | Reached skill level 1 in Evocations
  6030 | D:5      | Found a staircase to the Ecumenical Temple.
  6126 | D:6      | Noticed Maggie
  6140 | D:6      | Killed Maggie
  6141 | D:6      | Reached skill level 1 in Shields
  6141 | D:6      | Reached skill level 1 in Poison Magic
  6143 | D:6      | Noticed Edmund
  6156 | D:6      | Reached XP level 9. HP: 55/76 MP: 13/13
  6314 | D:6      | Noticed Menkaure
  6323 | D:6      | Killed Menkaure
  6323 | D:6      | Reached **** piety under Okawaru
  6344 | D:6      | Found an iron altar of Okawaru.
  6384 | D:6      | Mangled by Edmund

Illustrated notes

Levels and vault maps discovered:
D:1:      dpeg_arrival_snail, layout_basic
D:2:      layout_basic, hellmonk_ecumenical_altar_blasted, minmay_tromino_v4_c,
          uniq_terence, uniq_natasha
D:3:      cheibrodos_greedy_goblins, layout_rooms, chequers_arboretum,
          feat_on_display
D:4:      layout_cave_pools, tgw_kikubaaqudgha, hangedman_glass_teeth,
          chequers_serial_rivers_small_b, st_stairs_8, pf_guarded_unrand_delatra
D:5:      layout_loops_corners, minmay_temple_entry_butterflies,
          minmay_joined_circles
D:6:      layout_rooms, ashenzari_conservatory_becter, okawaru_trees_2,
          nicolae_yredelemnul_corpse_copse, roderic_serpentine_path,
          chequers_serial_rivers_large_b, uniq_edmund, uniq_maggie,
          uniq_menkaure, uniq_eustachio

Skill      XL: |  1  2  3  4  5  6  7  8  9 |
---------------+----------------------------+-----
Stealth        | 6 7 8 |  8.7
Dodging        | 1 2 |  2.4
Throwing       | 2 3 |  3.6
Earth Magic    | 1 2 3 |  3.1
Spellcasting   | 1 2 3 |  3.5
Armour         | 1 |  1.8
Invocations    | 1 2 |  2.7
Conjurations   | 1 2 |  2.2
Polearms       | 1 3 4 |  4.2
Fighting       | 3 |  3.3
Short Blades   | 3 |  3.4
Air Magic      | 1 |  1.6
Evocations     | 1 |  1.6
Shields        | 1 |  1.1
Poison Magic   | 1 |  1.8

Action                   |  1- 3 |  4- 6 |  7- 9 || total
-------------------------+-------+-------+-------++-------
Melee: Dagger            |    43 |    57 |       ||   100
       Halberd           |       |    22 |   167 ||   189
       Punch             |       |     1 |       ||     1
Throw: Dart              |       |       |     3 ||     3
 Cast: Sandblast         |    12 |    24 |       ||    36
       Stone Arrow       |       |    10 |    32 ||    42
Invok: Heroism           |       |     1 |       ||     1
 Abil: Spit Poison       |    19 |    29 |    40 ||    88
  Use: Scroll            |     3 |     5 |     8 ||    16
       Potion            |       |     3 |     6 ||     9
 Stab: Sleeping          |    10 |    12 |    11 ||    33
Armor: Robe              |     9 |    36 |   108 ||   153
Dodge: Dodged            |    27 |    57 |   158 ||   242
Block: Other             |       |    22 |    79 ||   101
       Reflection        |       |       |     1 ||     1
